Map: [ESL] Moondance

Players

SpeCial - Winner!

  • Race: Terran Terran
  • Spawn Location: 12:00

Silky

  • Race: Zerg Zerg
  • Spawn Location: 6:00

Event: DreamHack SC2 Masters 2022 Atlanta (Offline)

VOD

Have the link to the VOD?

Description

Time

  • Played on: Nov. 18, 2022, 6:56 p.m.
  • Length: 5:06

All games in this series

Show
View Real Time Build Order
Export as new Build Order

SpeCial Terran - Winner!

Build Orders: Liberator Opening 

Get SALT Encoding   

  12  0:00  SCV  
  13  0:12  SCV  
  14  0:18  Supply Depot  
  14  0:24  SCV  
  15  0:39  SCV  
  15  0:40  Barracks  
  16  0:44  Refinery  
  16  0:51  SCV  
  16  0:53  Refinery  
  17  1:03  SCV  
  18  1:15  SCV  
  19  1:28  Reaper, Orbital Command  
  19  1:29  Supply Depot  
  20  1:43  Factory  
  20  1:53  SCV  
  21  2:00  Reaper  
  22  2:05  SCV  
  23  2:18  Command Center  
  23  2:19  SCV  
  24  2:27  Hellion  
  26  2:35  Starport  
  26  2:39  SCV  
  26  2:42  Barracks Reactor  
  27  2:50  Supply Depot  
  27  2:54  Hellion  
  27  2:57  SCV  
  30  3:09  SCV  
  30  3:21  SCV  
  30  3:25  Liberator  
  34  3:30  Orbital Command  
  34  3:33  SCV  
  35  3:36  Marine  
  35  3:38  Hellion x2  
  40  3:46  Fusion Core  
  40  3:49  SCV  
  41  3:59  Hellion  
  41  4:00  Hellion  
  41  4:01  SCV  
  41  4:02  SCV  
  47  4:09  Starport Tech Lab  
  47  4:13  Supply Depot  
  47  4:18  SCV  
  47  4:20  SCV  
  53  4:24  Hellion x2  
  53  4:30  SCV  
  54  4:38  SCV  
  55  4:48  Command Center  
  55  4:49  SCV  
  59  4:57  Supply Depot  
Show
View Real Time Build Order
Export as new Build Order

Silky Zerg 

Build Orders: Pool First 

Get SALT Encoding   

  12  0:00  Drone  
  13  0:12  Overlord  
  13  0:17  Drone  
  14  0:30  Drone x2  
  16  0:40  Spawning Pool  
  15  0:44  Drone  
  15  0:48  Drone  
  17  1:08  Hatchery  
  17  1:10  Drone  
  17  1:24  Extractor  
  16  1:27  Zergling x6  
  16  1:31  Queen  
  21  1:38  Overlord  
  21  1:49  Drone  
  22  2:00  Drone  
  23  2:07  Queen  
  25  2:11  Drone  
  26  2:21  Queen, Drone  
  26  2:22  Drone  
  30  2:28  Metabolic Boost  
  30  2:30  Drone  
  31  2:37  Drone  
  31  2:41  Drone  
  31  2:42  Drone x2  
  34  2:48  Drone  
  34  2:58  Overlord  
  34  3:08  Hatchery  
  34  3:11  Drone x2  
  34  3:20  Zergling x4  
  34  3:24  Drone  
  34  3:25  Drone x2  
  38  3:28  Drone  
  38  3:32  Overlord  
  38  3:37  Drone  
  38  3:38  Drone  
  41  3:41  Drone  
  41  3:44  Overlord  
  41  3:54  Drone  
  41  3:55  Drone  
  43  3:56  Queen  
  43  3:57  Drone  
  43  3:58  Drone  
  47  4:05  Overlord  
  47  4:06  Zergling x6  
  50  4:11  Drone x3  
  53  4:19  Queen  
  53  4:21  Drone x2  
  57  4:28  Zergling x2  
  57  4:29  Zergling x4  
  53  4:39  Zergling x4  
  53  4:43  Zergling x4  
Tags
 
Add a new tag
Caveats
  • Supply blocks, unpowered buildings, or Contaminate may cause inaccurate times.
  • Supply counts are checked every 10 seconds.